 Dungeon Crawl Stone Soup version 0.22.0 (webtiles) character file.

47 KnightedAnt the Skirmisher (level 3, 0/30 HPs)
             Began as a Formicid Abyssal Knight on Oct 29, 2018.
             Was a Follower of Lugonu.
             Slain by an adder (4 damage)
             ... on level 1 of the Dungeon.
             The game lasted 00:03:06 (1829 turns).

KnightedAnt the Skirmisher (FoAK)                   Turns: 1829, Time: 00:03:06

Health: 0/30       AC:  4    Str: 17    XL:     3   Next: 97%
Magic:  14/14      EV:  6    Int: 11    God:    Lugonu [*.....]
Gold:   82         SH: 11    Dex: 10    Spells: 2/2 levels left

rFire    . . .     SeeInvis +   a - +1 mace
rCold    . . .     Gourm    .   n - +0 large shield
rNeg     . . .     Faith    .   b - +0 leather armour
rPois    .         Spirit   .   (helmet unavailable)
rElec    .         Reflect  .   (no cloak)
rCorr    .         Harm     .   (no gloves)
MR       .....                  h - +0 pair of boots
Stlth    +.........             (no amulet)
HPRegen  0.10/turn              g - ring of magical power (curse)
MPRegen  0.14/turn              (no ring)

@: lethally poisoned (0 -> -5)
A: permanent stasis, dig shafts and tunnels, four strong arms, antennae 3
a: Dig, Shaft Self, Depart the Abyss, Renounce Religion


You were on level 1 of the Dungeon.
You worshipped Lugonu.
Lugonu was aware of your devotion.
You were not hungry.

You visited 1 branch of the dungeon, and saw 2 of its levels.
You visited the Abyss 1 time.

You collected 82 gold pieces.

Inventory:

Hand Weapons
 a - a +1 mace (weapon)
Missiles
 d - 21 sling bullets
Armour
 b - a +0 leather armour (worn)
 h - a +0 pair of boots (worn)
 n - a +0 large shield (worn)
Jewellery
 g - a cursed ring of magical power (left hand)
Scrolls
 e - a scroll of remove curse {unknown}
 i - 2 scrolls of enchant weapon {unknown}
 k - a scroll of teleportation {unknown}
 l - a scroll of amnesia {unknown}
Potions
 f - a potion of curing {unknown}
 j - a potion of brilliance {unknown}
Comestibles
 c - 4 rations
 m - 3 chunks of flesh


   Skills:
 + Level 3.6 Fighting
 + Level 2.4 Maces & Flails
 + Level 2.7 Armour
 - Level 1.4 Dodging
 + Level 0.1 Shields
 + Level 2.8 Invocations


You had 2 spell levels left.
You didn't know any spells.
Your spell library was empty.

Dungeon Overview and Level Annotations

Branches:
Dungeon (2/15)

Altars:


Innate Abilities, Weirdness & Mutations

You cannot be hasted, slowed, berserked, paralysed or teleported.
You can dig through walls and to a lower floor.
Your four strong arms can wield two-handed weapons with a shield.
You have a pair of large antennae on your head. (SInv)


Message History

You miss the adder.
The adder is heavily wounded.
You feel sick. The adder barely misses you. The adder bites you.
* * * LOW HITPOINT WARNING * * *
You hit the adder.
The adder is almost dead.
* * * LOW HITPOINT WARNING * * *
You feel sick. You block the adder's attack.
The adder bites you but does no damage.
Your shield prevents you from hitting the adder.
The adder is almost dead.
The adder bites you.
* * * LOW HITPOINT WARNING * * *
You miss the adder.
The adder is almost dead.
* * * LOW HITPOINT WARNING * * *
You feel sick. The adder bites you.
* * * LOW HITPOINT WARNING * * *
You block the adder's attack. The adder bites you.
You die...

# #.....############ #.# #
#####.# #.# # #.# #.# # #.# #.. #
#.# #.# # #.# ##########.# # #.#
##### #........... # #.#
#.S.###.##....#..# # #.#
#@......##.#.###.# # #.#
#...######..## ##. #
####.#######.## #.#.###.# #
##........# #.# #.##.#.##
#####...#.###.# #.#######.#......
..........###.###.......#......##
.....)....#.....##...........#.##
###.......#.....##.####..........
#.#...#.#............#.รท.).....


You could see an adder.

Vanquished Creatures
  An adder (D:2)
  2 worms (D:2)
  6 bats
  A giant cockroach (D:1)
  A hobgoblin (D:1)
  5 jackals (D:1)
  3 kobolds
  2 quokkas (D:2)
  2 frilled lizards
  4 goblins
  3 rats
30 creatures vanquished.

Notes
Turn   | Place    | Note
-------+----------+-------------------------------------------
     0 | Abyss:1  | KnightedAnt the Formicid Abyssal Knight began the quest for the Orb.
     0 | Abyss:1  | Reached XP level 1. HP: 18/18 MP: 2/2
     3 | Abyss:1  | Found a corrupted altar of Lugonu.
    40 | D:1      | Escaped the Abyss
   122 | D:1      | Reached skill level 1 in Dodging
   128 | D:1      | Reached XP level 2. HP: 24/24 MP: 3/3
   238 | D:1      | Reached * piety under Lugonu
   698 | D:2      | Reached XP level 3. HP: 4/29 MP: 3/5
  1393 | D:2      | Found a faded altar of an unknown god.
  1829 | D:1      | Slain by an adder

Skill      XL: |  1 |
---------------+----+-----
Dodging        | 1 |  1.4
Fighting       | |  3.6
Maces & Flails | |  2.4
Armour         | |  2.7
Shields        | |  0.1
Invocations    | |  2.8

Action                   || total
-------------------------++-------
Melee: Mace              ||   109
Invok: Depart the Abyss  ||     1
  Eat: Chunk             ||     3
Armor: Leather armour    ||    61
Dodge: Dodged            ||    84
Block: Large shield      ||    45
